Map: Turbo Cruise '84 LE

Players

PeLLy

  • Race: Zerg Zerg
  • League: Diamond
  • Spawn Location: 3:00

vriesvakje - Winner!

  • Race: Zerg Zerg
  • League: Diamond
  • Spawn Location: 7:00

VOD

Have the link to the VOD?

Description

Time

  • Played on: July 30, 2019, 4:48 p.m.
  • Length: 11:11
Show
View Real Time Build Order
Export as new Build Order

PeLLy Zerg 

Build Orders: Hatch First, Zergling Baneling 

Get SALT Encoding   

  12  0:00  Drone  
  13  0:08  Drone  
  14  0:15  Drone, Extractor  
  15  0:23  Overlord  
  16  0:42  Drone  
  16  0:43  Drone  
  16  0:48  Drone  
  18  1:06  Drone  
  18  1:10  Hatchery  
  18  1:20  Spawning Pool  
  18  1:21  Drone  
  18  1:24  Extractor  
  16  1:27  Drone  
  17  1:36  Drone  
  18  1:42  Drone  
  19  1:49  Drone  
  20  2:01  Overlord  
  20  2:12  Drone  
  21  2:21  Drone  
  23  2:22  Drone  
  23  2:24  Queen  
  23  2:28  Baneling Nest  
  24  2:35  Zergling x4  
  26  2:40  Spine Crawler  
  25  2:51  Spine Crawler  
  25  2:52  Zergling x4  
  26  2:59  Queen  
  26  3:00  Zergling x2  
  26  3:01  Zergling x2  
  28  3:14  Zergling x2  
  28  3:15  Spine Crawler  
  28  3:16  Zergling x6  
  30  3:36  Baneling  
  30  3:37  Baneling x3  
  30  3:40  Drone x2  
  30  3:41  Drone x4  
  36  3:43  Overlord  
  36  3:51  Overlord  
  36  4:14  Baneling x6  
  36  4:15  Baneling x2  
  36  4:17  Zergling x2  
  36  4:18  Zergling x10  
  42  4:26  Drone  
  43  4:40  Drone x6  
  49  4:49  Overlord  
  49  4:54  Hatchery  
  48  5:14  Drone x5  
  52  5:25  Evolution Chamber  
  52  5:26  Drone  
  52  5:27  Drone  
  53  5:42  Drone x3  
  56  5:49  Extractor x2  
  54  5:56  Roach Warren  
  53  5:59  Evolution Chamber  
  53  6:01  Drone x3  
  55  6:25  Lair  
  55  6:32  Drone x2  
  57  6:33  Drone  
  57  6:36  Overlord  
  57  6:37  Overlord x2  
  58  6:52  Pneumatized Carapace  
  57  7:02  Roach  
  57  7:03  Roach x14  
  85  7:24  Overlord  
  85  7:25  Overlord x3  
  84  7:35  Glial Reconstitution, Zerg Missile Weapons Level 1  
  84  7:37  Overlord x2  
  84  7:38  Overlord  
  84  7:39  Spine Crawler  
  84  7:43  Roach  
  84  7:44  Roach x6  
  97  8:05  Roach x6  
  109  8:19  Roach  
  105  8:20  Roach x6  
  102  8:29  Roach x3  
  106  8:40  Drone x3  
  108  8:43  Queen  
  108  8:44  Queen x2  
  108  8:47  Roach x2  
  90  9:08  Roach x6  
  78  9:17  Roach x3  
  74  9:25  Roach x4  
  74  9:28  Roach  
  74  9:30  Drone  
  85  9:43  Extractor  
  85  9:45  Extractor  
  83  9:47  Extractor  
  83  9:52  Drone  
  83  9:53  Drone x5  
  88  10:02  Hydralisk Den  
  87  10:26  Roach x5  
  99  10:43  Ravager  
  99  10:47  Hatchery  
Show
View Real Time Build Order
Export as new Build Order

vriesvakje Zerg - Winner!

Build Orders: Hatch First 

Get SALT Encoding   

  12  0:00  Drone  
  13  0:13  Overlord  
  13  0:17  Drone  
  14  0:31  Drone x2  
  14  0:35  Drone  
  17  0:53  Hatchery  
  17  0:56  Drone  
  17  0:59  Drone  
  18  1:14  Extractor  
  18  1:16  Spawning Pool  
  16  1:24  Drone  
  16  1:25  Drone  
  18  1:30  Drone  
  19  1:45  Overlord  
  19  2:06  Zergling x4  
  19  2:07  Zergling x2  
  22  2:14  Metabolic Boost  
  22  2:20  Queen x2  
  26  2:23  Zergling x4  
  26  2:24  Zergling x2  
  26  2:27  Drone  
  30  2:33  Drone  
  31  2:39  Drone  
  31  2:44  Drone  
  33  2:48  Drone  
  33  3:04  Drone  
  33  3:05  Drone  
  35  3:12  Overlord x2  
  35  3:16  Overlord  
  35  3:37  Drone x3  
  38  3:47  Roach Warren  
  37  3:54  Evolution Chamber  
  36  3:59  Evolution Chamber  
  35  4:08  Spine Crawler  
  34  4:10  Drone x6  
  34  4:13  Drone x3  
  43  4:22  Zerg Missile Weapons Level 1  
  43  4:23  Drone  
  44  4:30  Drone  
  44  4:31  Extractor  
  44  4:34  Drone  
  45  4:44  Overlord  
  45  4:45  Overlord x3  
  45  4:52  Queen x2  
  45  4:55  Spine Crawler  
  48  5:10  Drone  
  48  5:11  Drone x4  
  48  5:12  Extractor  
  48  5:13  Drone x3  
  55  5:18  Extractor  
  54  5:22  Drone  
  55  5:40  Drone x2  
  55  5:41  Drone  
  58  5:44  Drone  
  59  5:50  Roach x4  
  59  5:56  Roach  
  73  6:04  Roach x4  
  73  6:10  Roach  
  79  6:22  Roach  
  79  6:23  Roach x4  
  89  6:26  Queen  
  89  6:30  Overlord  
  89  6:32  Overlord  
  91  6:48  Queen, Overlord x5  
  91  6:49  Overlord  
  92  7:05  Ravager x8  
  92  7:06  Ravager x2  
  92  7:07  Roach  
  106  7:08  Roach  
  106  7:10  Zergling x2  
  106  7:11  Zergling x4  
  108  7:31  Baneling Nest  
  108  7:32  Zergling x8  
  108  7:35  Hatchery  
  110  8:08  Roach x4  
  110  8:09  Roach x5  
  109  8:25  Roach  
  109  8:26  Roach x3  
  88  8:44  Roach  
  88  8:45  Roach x3  
  88  9:03  Roach x3  
  88  9:04  Roach x3  
  88  9:12  Roach x5  
  90  9:18  Queen x3  
  94  9:28  Roach x4  
  94  9:29  Roach  
  104  9:32  Roach  
  106  9:45  Roach x2  
  110  9:46  Roach  
  112  9:59  Ravager  
  115  10:00  Ravager x10  
  115  10:01  Zergling x2  
  115  10:02  Zergling x8  
  128  10:15  Roach  
  128  10:16  Roach x6  
  142  10:30  Roach  
  142  10:31  Roach x6  
  156  10:39  Zergling x6  
Tags
 
Add a new tag
Caveats
  • Supply blocks, unpowered buildings, or Contaminate may cause inaccurate times.
  • Supply counts are checked every 10 seconds.